 Dungeon Crawl Stone Soup version 0.21.1-1-g345015f (webtiles) character file.

109 Shenanicrawl the Chiller (level 4, 0/34 HPs)
             Began as a Merfolk Ice Elementalist on Feb 23, 2018.
             Slain by a howler monkey skeleton (2 damage)
             ... on level 4 of the Dungeon.
             The game lasted 00:09:25 (1684 turns).

Shenanicrawl the Chiller (Merfolk Ice Elementalist) Turns: 1684, Time: 00:09:26

Health: 0/34       AC:  2    Str:  8    XL:     4   Next: 90%
Magic:  3/7        EV: 14    Int: 14    God:
Gold:   26         SH:  0    Dex: 15    Spells: 1/7 levels left

rFire    . . .     SeeInvis +   f - +0 dagger
rCold    . . .     Gourm    .   (no shield)
rNeg     . . .     Faith    .   a - +0 robe
rPois    .         Spirit   .   (no helmet)
rElec    .         Reflect  .   (no cloak)
rCorr    .         Harm     .   (no gloves)
MR       .....                  (no boots)
Stlth    ++........             h - amulet of rage
HPRegen  0.11/turn              d - ring of see invisible
MPRegen  0.10/turn              (no ring)

@: no status effects
A: change form in water, swift swim, stealthy swim
a: Evoke Berserk Rage


You were on level 4 of the Dungeon.
You were not hungry.

You visited 1 branch of the dungeon, and saw 4 of its levels.

You collected 26 gold pieces.

Inventory:

Hand Weapons
 f - a +0 dagger (weapon)
Armour
 a - a +0 robe (worn)
Jewellery
 d - a ring of see invisible (left hand)
 h - an amulet of rage (around neck)
 n - an uncursed ring of poison resistance {unknown}
Scrolls
 e - 3 scrolls of enchant armour {unknown}
 g - 4 scrolls of teleportation {unknown}
 l - a scroll of remove curse {unknown}
Potions
 i - a potion of curing {unknown}
 j - 2 potions of brilliance {unknown}
 k - a potion of degeneration {unknown}
Books
 b - a book of Frost

   Spells                             Type                      Level
   a - Freeze                         Ice                          1
   b - Throw Frost                    Conjuration/Ice              2
   c - Ozocubu's Armour               Charms/Ice                   3
   d - Throw Icicle                   Conjuration/Ice              4
   e - Summon Ice Beast               Ice/Summoning                4
Comestibles
 c - 3 rations


   Skills:
 * Level 2.5 Fighting
 + Level 3.7 Dodging
 + Level 3.1 Stealth
 - Level 2.1 Spellcasting
 - Level 0.7 Conjurations
 + Level 1.1 Charms
 + Level 3.8 Ice Magic


You had one spell level left.
You knew the following spells:

 Your Spells              Type           Power        Failure   Level  Hunger
a - Freeze                Ice            ##..         4%          1    #......
b - Throw Frost           Conj/Ice       #.....       14%         2    ###....
c - Ozocubu's Armour      Chrm/Ice       #.......     26%         3    ###....


Dungeon Overview and Level Annotations

Branches:
Dungeon (4/15)
 Temple: D:4-7

Altars:
Nemelex Xobeh


Message History

The howler monkey skeleton is moderately damaged.
The howler monkey skeleton hits you.
* * * LOW HITPOINT WARNING * * *
Casting: Freeze
Confirm with . or Enter, or press ? or * to list all spells.
You don't know that spell.
The howler monkey skeleton hits you.
* * * LOW HITPOINT WARNING * * *
The howler monkey skeleton closely misses you.
The howler monkey skeleton barely misses you.
Casting: Freeze
Confirm with . or Enter, or press ? or * to list all spells.
Aiming: Freeze
Press: ? - help, Shift-Dir - straight line, f/p - howler monkey skeleton
Aim: a howler monkey skeleton (moderately damaged)
You freeze the howler monkey skeleton.
The howler monkey skeleton completely resists.
The howler monkey skeleton is moderately damaged.
The howler monkey skeleton hits you.
You die...

...........# ...........#
##############
...........#
#............##
.........Z.
##.............##
..........#
#..>............##
..........#
#................#
#.........#
##................#
#.......#
#.................#
###.....#
##.@Z.........<....#
###..##
#.................##
##.†###...........<....##
###..#............>...#
##.................##
##...............##
#.....^........##
#.............##
#...........###


You could see a howler monkey skeleton.

Vanquished Creatures
  2 hounds (D:4)
  An adder (D:2)
  An adder zombie (D:2)
  3 dart slugs
  A bat zombie (D:2)
  2 giant cockroaches
  6 goblins
  5 hobgoblins
  A quokka (D:4)
  A ball python zombie (D:2)
  3 bats
  3 frilled lizards (D:1)
  2 kobolds (D:1)
  A leopard gecko skeleton (D:2)
  2 rats (D:1)
34 creatures vanquished.

Notes
Turn   | Place    | Note
-------+----------+-------------------------------------------
     0 | D:1      | Shenanicrawl the Merfolk Ice Elementalist began the quest for the Orb.
     0 | D:1      | Reached XP level 1. HP: 13/13 MP: 3/3
   223 | D:1      | Reached XP level 2. HP: 18/20 MP: 3/5
   231 | D:1      | Learned a level 2 spell: Throw Frost
   333 | D:1      | Reached skill level 1 in Fighting
   641 | D:1      | Reached XP level 3. HP: 10/26 MP: 0/6
   646 | D:1      | Learned a level 3 spell: Ozocubu's Armour
   870 | D:2      | Found a sparkling altar of Nemelex Xobeh.
  1352 | D:2      | You fall through a shaft for 2 floors!
  1607 | D:4      | Reached XP level 4. HP: 33/33 MP: 1/7
  1641 | D:4      | Reached skill level 1 in Charms
  1661 | D:4      | HP: 1/34 [howler monkey skeleton (1)]
  1668 | D:4      | HP: 1/34 [howler monkey skeleton (1)]
  1684 | D:4      | Slain by a howler monkey skeleton

Skill      XL: |  1  2  3  4 |
---------------+-------------+-----
Fighting       | 1 2 |  2.5
Dodging        | 3 |  3.7
Stealth        | 3 |  3.1
Charms         | 1 |  1.1
Spellcasting   | |  2.1
Conjurations   | |  0.7
Ice Magic      | |  3.8

Action                   |  1- 3 |  4- 6 || total
-------------------------+-------+-------++-------
Melee: Dagger            |    77 |    18 ||    95
       Unarmed           |     3 |       ||     3
 Cast: Freeze            |    54 |     7 ||    61
  Eat: Ration            |     1 |       ||     1
Armor: Robe              |    28 |     1 ||    29
Dodge: Dodged            |   105 |    21 ||   126
